 Dungeon Crawl Stone Soup version 0.21.1-1-g345015f (webtiles) character file.

42175 shakethe the Bludgeoner (level 13, -6/131 HPs)
             Began as a Troll Monk on Feb 18, 2018.
             Was a High Priest of Trog.
             Mangled by a swamp worm (8 damage)
             ... on level 1 of the Lair of Beasts.
             The game lasted 01:00:54 (15318 turns).

shakethe the Bludgeoner (Troll Monk)               Turns: 15318, Time: 01:00:55

Health: -6/131     AC: 12    Str: 24    XL:     13   Next: 84%
Magic:  4/4        EV: 16    Int:  2    God:    Trog [*****.]
Gold:   621        SH:  3    Dex: 11    Spells: 12/12 levels left

rFire    . . .     SeeInvis .   T - +7 giant club (antimagic)
rCold    . . .     Gourm    +   (shield currently unavailable)
rNeg     . . .     Faith    .   F - +0 troll leather armour {regen}
rPois    .         Spirit   .   t - +1 hat of Joy {+Fly MR++ Int-4 Dex-3}
rElec    .         Reflect  +   j - +0 cloak
rCorr    .         Harm     .   (gloves unavailable)
MR       ++...                  (boots unavailable)
Stlth    +.........             m - +3 amulet of reflection
HPRegen  1.11/turn              A - +3 ring of evasion
MPRegen  0.09/turn              P - +2 ring of protection

@: very slow
A: large, unfitting armour, claws 3, fast metabolism 3, gourmand, regeneration
1, shaggy fur 1, tough skin 2
a: Berserk, Trog's Hand, Brothers in Arms, Burn Spellbooks, Renounce Religion,
Evoke Flight


You were on level 1 of the Lair of Beasts.
You worshipped Trog.
Trog was extremely pleased with you.
You were full.

You visited 2 branches of the dungeon, and saw 15 of its levels.

You collected 984 gold pieces.
You spent 363 gold pieces at shops.

Inventory:

Hand Weapons
 v - a +3 giant spiked club
   (You took it off an ogre on level 4 of the Dungeon)
 L - a +5 great mace of protection
   (Trog gifted it to you on level 9 of the Dungeon)
 O - a +4 dire flail of protection
   (You took it off Edmund on level 6 of the Dungeon)
 T - a +7 antimagic giant club (weapon)
   (Trog gifted it to you on level 13 of the Dungeon)
Missiles
 b - a throwing net {=f, !d}
 l - 395 stones (quivered)
 n - 6 tomahawks of dispersal {=f}
Armour
 j - a +0 cloak (worn)
   (You found it on level 2 of the Dungeon)
 p - a +2 hat of magic resistance
   (You took it off Gastronok on level 1 of the Lair of Beasts)
 r - a +0 shield
   (You found it on level 3 of the Dungeon)
 t - the +1 hat of Joy (worn) {+Fly MR++ Int-4 Dex-3}
   (You found it on level 13 of the Dungeon)

   It affects your intelligence (-4).
   It affects your dexterity (-3).
   It affects your resistance to hostile enchantments.
   It lets you fly.
 F - a +0 troll leather armour (worn) {regen}
   (You found it on level 11 of the Dungeon)
Magical Staves
 a - an uncursed staff of cold {unknown}
   (You found it on level 12 of the Dungeon)
 C - an uncursed staff of earth {unknown}
   (You found it on level 6 of the Dungeon)
 M - an uncursed staff of power {unknown}
   (You found it on level 10 of the Dungeon)
Jewellery
 d - an uncursed amulet of rage {+Rage, !d}
   (You found it on level 1 of the Dungeon)
 m - a +3 amulet of reflection (around neck)
   (You found it on level 3 of the Dungeon)
 A - a +3 ring of evasion (left claw)
   (You bought it in a shop on level 5 of the Dungeon)
 P - a +2 ring of protection (right claw)
   (You bought it in a shop on level 5 of the Dungeon)
 V - a +3 ring of intelligence {unknown}
   (You took it off a centaur on level 14 of the Dungeon)
Wands
 u - a wand of acid (5)
   (You took it off an orc on level 14 of the Dungeon)
 B - a wand of scattershot (5)
   (You found it on level 7 of the Dungeon)
 J - a wand of disintegration (6)
   (You found it on level 9 of the Dungeon)
 K - a wand of clouds (4)
   (You found it on level 9 of the Dungeon)
Scrolls
 e - a scroll of immolation {unknown}
 i - a scroll of magic mapping {!r}
 k - 9 scrolls of remove curse
 s - a scroll of enchant armour {unknown}
 y - 4 scrolls of teleportation
 D - a scroll of enchant weapon
 E - a scroll of fear {unknown}
 R - a scroll of blinking {unknown}
 S - 2 scrolls of identify
Potions
 f - 2 potions of ambrosia
 g - 11 potions of curing
 h - 4 potions of brilliance
 o - 2 potions of agility
 z - a potion of berserk rage {!q}
 G - 3 potions of lignification {!q}
 H - a potion of cancellation
 I - 2 potions of might
 Q - a potion of magic
Books
 w - a book of Cantrips
   (You found it on level 4 of the Dungeon)
 x - the Guide on Creative Aid
   (You found it on level 4 of the Dungeon)

   Spells                             Type                      Level
   a - Infusion                       Charms                       1
   b - Summon Butterflies             Summoning                    1
   c - Spectral Weapon                Hexes/Charms                 3
   d - Recall                         Summoning/Translocation      3
   e - Summon Ice Beast               Ice/Summoning                4
   Trog disapproves of the use of such an item.
 N - a book of Power
   (You found it on level 10 of the Dungeon)
Comestibles
 c - 34 rations


   Skills:
 + Level 9.4 Fighting
 * Level 16.3 Maces & Flails
 + Level 5.8 Armour
 + Level 8.3 Dodging
 - Level 1.0 Stealth


You had 12 spell levels left.
You didn't know any spells.

Dungeon Overview and Level Annotations

Branches:
Dungeon (14/15)            Temple (0/1) D:5            Lair (1/6) D:8
    Orc (0/2) D:11         Vaults (0/5) D:13

Altars:
Dithmenos
Elyvilon
Gozag
Kikubaaqudgha
Nemelex Xobeh
Okawaru
Qazlal
Ru
Sif Muna
Trog
Uskayaw
Xom

Shops:
D:5 =   D:6 *   D:9 (   D:10 [*:%

Annotations:
D:7 1 runed door


Innate Abilities, Weirdness & Mutations

You are too large for most types of armour.
You have claws for hands.
Your metabolism is lightning-fast.
You like to eat raw meat.
Your natural rate of healing is unusually fast.
You are covered in fur. (AC +1)
You have very tough skin. (AC +2)


Message History

You completely miss the worm. The worm misses you. The worm bites you.
You take 5 damage, and have 117/131 hp.
You bludgeon the worm!!
You kill the worm!
Trog accepts your kill.
You hammer the worm like a gong!!!
You kill the worm!
Trog accepts your kill. The worm barely misses you.
The worm splashes around in the water.
The worm bites you but does no damage.
You regained 2 hp, and now have 122/131 hp.
You hit the worm. The worm bites you. The worm barely misses you.
The worm closely misses you.
You take 5 damage, and have 117/131 hp.
You sock the worm! You sock the worm!
You kill the worm!
Trog accepts your kill. The worm misses you. You block the worm's attack.
The worm splashes around in the water.
The worm misses you. You block the worm's attack.
The worm bites you but does no damage. x2
You regained 2 hp, and now have 122/131 hp.
You regained 2 hp, and now have 124/131 hp.
You flatten the worm like a pancake!!!
You kill the worm!
Trog accepts your kill.
You sock the worm! You thump the worm!
You kill the worm!
Trog accepts your kill.
The worm bites you but does no damage. x2
You see here a worm corpse.
You sock the worm! The worm bites you but does no damage.
The worm closely misses you.
You thump the worm!
You kill the worm!
Trog accepts your kill. The worm bites you!
You take 9 damage, and have 121/131 hp.
A swamp worm bursts forth from the water.
The swamp worm completely misses you. The swamp worm bites you.
The worm bites you!
You take 10 damage, and have 111/131 hp.
The swamp worm bites you!
A swamp worm bursts forth from the water.
You block the swamp worm's attack.
A swamp worm bursts forth from the water.
The swamp worm bites you! You block the swamp worm's attack.
The swamp worm barely misses you. x2
You take 16 damage, and have 95/131 hp.
You thump the swamp worm! The swamp worm misses you.
The swamp worm bites you but does no damage.
You thump the swamp worm!
The swamp worm bites you but does no damage.
The swamp worm closely misses you. x2
You barely miss the swamp worm. The swamp worm closely misses you.
The swamp worm barely misses you. The swamp worm bites you!
You take 15 damage, and have 82/131 hp.
You miss the swamp worm. The swamp worm bites you! The worm bites you.
The swamp worm closely misses you. x2
You take 14 damage, and have 68/131 hp.
You bludgeon the swamp worm!!
You kill the swamp worm!
Trog accepts your kill. The swamp worm bites you! x2
You take 13 damage, and have 55/131 hp.
You barely miss the worm. The swamp worm bites you!
The worm bites you but does no damage.
You take 15 damage, and have 40/131 hp.
You bludgeon the worm!!
You kill the worm!
Trog accepts your kill. The swamp worm bites you!
* * * LOW HITPOINT WARNING * * *
The swamp worm completely misses you.
You take 13 damage, and have 27/131 hp.
The swamp worm barely misses you. The swamp worm completely misses you.
You regained 2 hp, and now have 29/131 hp.
The swamp worm bites you!
* * * LOW HITPOINT WARNING * * *
You take 15 damage, and have 14/131 hp.
The swamp worm bites you.
* * * LOW HITPOINT WARNING * * *
The swamp worm bites you!
* * * LOW HITPOINT WARNING * * *
You see here a worm corpse.
You take 13 damage, and have 1/131 hp.
Okay, then.
Okay, then.
Okay, then.
Okay, then.
Okay, then.
Okay, then.
Okay, then.
As you read the scroll labeled ALOKLASCHIEBB, it crumbles to dust.
You feel aware of your surroundings.
You sensed 1 altar.
It was a scroll of magic mapping.
The swamp worm closely misses you. The swamp worm bites you!
You die...

**,,,,,,,*#..+.....,,*,,,,,,*,**,
,*,,,,,,,*...........*,,,,,**,,*,
**,,,,,,,*#.........,,,,,,,**,*,,
,*,,,,,,,*#.........,*,,,,,,*,,+,
#*####****#...[≈≈≈≈≈≈≈≈,,,,,,,,,,
#P#.#/#####...≈≈≈≈≈≈≈≈≈≈≈,,,,,,,,
............(≈≈≈#######≈≈≈,,,,,,,
.............≈≈P#w≈†≈≈##≈≈,,,,,,,
.............≈≈≈@w≈≈≈≈$#≈≈,,,,,,,
.............≈≈P#≈≈≈≈≈##≈≈**,**,,
.............≈≈≈#######≈≈≈,,,,,,,
#######+#.....≈≈≈≈≈≈≈≈≈≈≈,,,,,,,,
...............#≈≈≈≈≈≈≈,,≈,,,,,,,
#.........†...##.....#,,,*,,,,,,,
#.............#*......,,,*,,,,,,,
#.....<.......#*....##,,,*,,,,,,,
#........#..>.#*,...#*,,,*,,,,,,,


You could see 2 swamp worms.

Vanquished Creatures
  Gastronok (Lair:1)
  Josephine (D:10)
  2 vault guards (D:13)
  3 hydras (D:13)
  6 two-headed ogres
  A tengu warrior (D:13)
  Nergalle (D:11)
  3 skeletal warriors (D:11)
  A sea snake (shapeshifter) (D:13)
  An unseen horror (D:12)
  2 wizards (D:13)
  2 necromancers (D:13)
  A cyclops (D:13)
  4 manticores
  2 deep elf magi
  A salamander (shapeshifter) (D:13)
  6 ugly things
  Joseph (D:8)
  A gargoyle (D:10)
  A tengu conjurer (D:13)
  8 trolls
  4 slime creatures
  5 hippogriffs
  13 yaks
  Sigmund (D:2)
  A vampire (D:13)
  3 wraiths (D:10)
  2 wyverns
  4 fire bats (D:11)
  4 hogs (D:7)
  20 humans
  2 hungry ghosts
  A basilisk (D:13)
  8 vampire mosquitoes
  A soldier ant (D:9)
  A swamp worm (Lair:1)
  A hell hound (D:11)
  A water moccasin (D:11)
  Edmund (D:6)
  9 orc warriors
  A phantom (D:7)
  4 sky beasts
  A hornet zombie (D:10)
  8 necrophages
  The ghost of microfolk the Chopper, an amateur MiBe of Trog (D:3)
  An ice beast (D:5)
  2 eyes of draining
  An ogre (shapeshifter) (D:12)
  7 ogres
  A centaur (D:14)
  2 crocodiles
  Blork the orc (D:6)
  A big kobold (D:7)
  8 bullfrogs
  A wyvern zombie (D:10)
  3 scorpions
  14 wights
  An electric eel (D:10)
  3 howler monkeys
  2 lava snakes (D:11)
  A bullfrog zombie (D:12)
  2 centaur zombies
  4 crimson imps
  A quasit (D:10)
  9 hounds
  Crazy Yiuf (D:3)
  8 orc priests
  4 bullfrog skeletons
  15 orc wizards
  4 centaur skeletons
  6 jellies
  Jessica (D:2)
  2 iguanas
  Terence (D:2)
  9 worker ants
  A mummy (D:10)
  A howler monkey skeleton (D:9)
  10 adders
  4 gnolls
  8 river rats (D:6)
  5 shadow imps
  8 oozes (D:2)
  An adder zombie (D:9)
  16 worms
  4 leopard geckos
  75 orcs
  A ball python (D:1)
  12 giant cockroaches
  11 goblins
  8 hobgoblins
  11 jackals
  20 kobolds
  8 quokkas
  7 bats
  4 frilled lizards
  A giant cockroach zombie (D:2)
  A leopard gecko skeleton (D:7)
  23 rats
  3 fire vortices (D:11)
  A fungus (D:2)
  A plant (Lair:1)
507 creatures vanquished.

Vanquished Creatures (others)
  A fungus (D:2)
  A plant (Lair:1)
  6 toadstools (D:2)
8 creatures vanquished.

Grand Total: 515 creatures vanquished

Notes
Turn   | Place    | Note
-------+----------+-------------------------------------------
     0 | D:1      | shakethe the Troll Monk began the quest for the Orb.
     0 | D:1      | Reached XP level 1. HP: 22/22 MP: 0/0
    98 | D:1      | Reached skill level 3 in Maces & Flails
   211 | D:1      | Reached XP level 2. HP: 29/29 MP: 1/1
   832 | D:1      | Reached XP level 3. HP: 35/36 MP: 2/2
   964 | D:2      | Noticed Terence
   980 | D:2      | HP: 5/36 [Terence/flail (9)]
   982 | D:2      | Killed Terence
   982 | D:2      | Reached skill level 3 in Fighting
   982 | D:2      | Reached skill level 4 in Maces & Flails
  1075 | D:2      | Noticed Sigmund
  1173 | D:2      | Reached XP level 4. HP: 45/45 MP: 3/3
  1372 | D:2      | Noticed Jessica
  1386 | D:2      | Killed Jessica
  1783 | D:2      | Reached XP level 5. HP: 34/53 MP: 4/4
  1954 | D:2      | Paralysed by fainting for 10 turns
  1983 | D:2      | Reached skill level 5 in Maces & Flails
  2235 | D:2      | Killed Sigmund
  2235 | D:2      | Reached XP level 6. HP: 35/62 MP: 5/5
  2401 | D:3      | Noticed a moth of wrath
  2404 | D:3      | Found a bloodstained altar of Trog.
  2423 | D:3      | Reached skill level 4 in Fighting
  2454 | D:3      | HP: 11/62 [worm (10)]
  2488 | D:3      | Noticed microfolk's ghost (amateur MiBe)
  2661 | D:3      | HP: 11/62 [microfolk's ghost (13)]
  2777 | D:3      | Killed microfolk's ghost
  2777 | D:3      | Reached skill level 6 in Maces & Flails
  2816 | D:3      | Became a worshipper of Trog the Wrathful
  2816 | D:3      | Reached * piety under Trog
  2816 | D:3      | Reached ** piety under Trog
  3104 | D:3      | Reached XP level 7. HP: 56/70 MP: 6/6
  3274 | D:3      | Found a runed door.
  3489 | D:3      | Noticed Crazy Yiuf
  3496 | D:3      | Killed Crazy Yiuf
  3610 | D:4      | Reached skill level 7 in Maces & Flails
  3675 | D:4      | Identified the Guide on Creative Aid
  3762 | D:4      | Found a stormy altar of Qazlal.
  3771 | D:4      | Reached skill level 5 in Fighting
  3889 | D:4      | Reached XP level 8. HP: 67/80 MP: 7/7
  4180 | D:5      | Entered Level 5 of the Dungeon
  4354 | D:5      | Found Exzeodof's Jewellery Emporium.
  4365 | D:5      | Bought a +3 ring of evasion for 231 gold pieces
  4402 | D:5      | Found a staircase to the Ecumenical Temple.
  4433 | D:5      | Reached skill level 8 in Maces & Flails
  4480 | D:5      | Reached *** piety under Trog
  5069 | D:6      | Reached skill level 9 in Maces & Flails
  5200 | D:6      | Noticed Blork the orc
  5211 | D:6      | Reached **** piety under Trog
  5221 | D:6      | Killed Blork the orc
  5399 | D:5      | HP: 20/80 [hound (3)]
  5466 | D:6      | Reached skill level 10 in Maces & Flails
  5466 | D:6      | Reached XP level 9. HP: 88/88 MP: 8/8
  5835 | D:6      | Found Dehonaumn's General Store.
  5998 | D:7      | Noticed a troll
  6013 | D:7      | Killed a troll
  6025 | D:7      | Reached skill level 11 in Maces & Flails
  6193 | D:7      | Noticed a sixfirhy
  6214 | D:7      | Found a runed door.
  6662 | D:7      | HP: 20/88 [hog (12)]
  6774 | D:7      | Found a deep blue altar of Sif Muna.
  6774 | D:7      | Found a white marble altar of Elyvilon.
  6896 | D:7      | Reached skill level 12 in Maces & Flails
  6949 | D:7      | Reached XP level 10. HP: 57/96 MP: 9/9
  7328 | D:8      | Noticed Joseph
  7354 | D:8      | Killed Joseph
  7470 | D:8      | Found a staircase to the Lair.
  7767 | D:8      | Found an iron altar of Okawaru.
  7924 | D:8      | Reached skill level 3 in Dodging
  8267 | D:8      | Reached ***** piety under Trog
  8397 | D:9      | Found a shadowy altar of Dithmenos.
  8420 | D:9      | Found Jifaris's Weapon Shop.
  8609 | D:9      | Found an opulent altar of Gozag.
  8612 | D:9      | Found a hide-covered altar of Uskayaw.
  8612 | D:9      | Found a sparkling altar of Nemelex Xobeh.
  8745 | D:9      | Noticed an eight-headed hydra
  8875 | D:9      | Noticed a two-headed ogre
  8884 | D:9      | Killed a two-headed ogre
  8884 | D:9      | Reached skill level 13 in Maces & Flails
  8987 | D:9      | Found a deep blue altar of Sif Muna.
  9047 | D:9      | Received a gift from Trog
  9047 | D:9      | Reached skill level 6 in Fighting
  9214 | D:9      | >
  9215 | D:10     | Entered Level 10 of the Dungeon
  9215 | D:10     | Found Orrall's General Store.
  9224 | D:10     | Reached skill level 4 in Dodging
  9292 | D:10     | Found Rukhlika's Food Emporium.
  9328 | D:10     | Noticed a two-headed ogre
  9340 | D:10     | Killed a two-headed ogre
  9473 | D:10     | Noticed a gargoyle
  9479 | D:10     | Killed a gargoyle
  9552 | D:10     | Reached XP level 11. HP: 98/106 MP: 10/10
  9582 | D:10     | Noticed Josephine
  9619 | D:10     | Killed Josephine
  9779 | D:10     | Reached skill level 5 in Dodging
  9786 | D:10     | HP: 23/106 [orc priest/divine providence (12)]
  9804 | D:10     | HP: 25/105 [necrophage (2)]
 10133 | D:10     | Found Xioghali's Book Shoppe.
 10334 | D:10     | Found Wakhip's Antique Armour Boutique.
 10390 | D:10     | Found a sacrificial altar of Ru.
 10627 | D:6      | Noticed Edmund
 10635 | D:6      | Killed Edmund
 10707 | D:5      | Bought a +2 ring of protection for 110 gold pieces
 10707 | D:5      | Bought a cursed amulet of inaccuracy for 22 gold pieces
 10878 | D:11     | Reached skill level 7 in Fighting
 10930 | D:11     | Reached skill level 14 in Maces & Flails
 11416 | D:11     | Found a staircase to the Orcish Mines.
 11446 | D:11     | Noticed Nergalle
 11483 | D:11     | Noticed a spectral orc warlord
 11487 | D:11     | Killed Nergalle
 11490 | D:11     | Noticed a two-headed ogre
 11498 | D:11     | Killed a two-headed ogre
 11498 | D:11     | Reached skill level 1 in Armour
 11598 | D:11     | Noticed a red ugly thing
 11600 | D:11     | Noticed a skeletal warrior
 11615 | D:11     | Killed a red ugly thing
 11619 | D:11     | Reached skill level 6 in Dodging
 11631 | D:11     | Killed a skeletal warrior
 11653 | D:11     | Noticed a skeletal warrior
 11663 | D:11     | Killed a skeletal warrior
 11663 | D:11     | Reached XP level 12. HP: 103/119 MP: 11/11
 11678 | D:11     | Reached skill level 2 in Armour
 12114 | D:12     | Reached skill level 8 in Fighting
 12217 | D:12     | Noticed a two-headed ogre
 12283 | D:11     | Reached skill level 3 in Armour
 12297 | D:12     | Killed a two-headed ogre
 12297 | D:12     | Reached skill level 15 in Maces & Flails
 12321 | D:11     | HP: 27/119 [slime creature (8)]
 12512 | D:12     | Noticed a two-headed ogre
 12526 | D:12     | Killed a two-headed ogre
 12697 | D:12     | Reached skill level 7 in Dodging
 12839 | D:12     | Reached skill level 4 in Armour
 13171 | D:13     | Received a gift from Trog
 13199 | D:13     | Got a crude hat
 13212 | D:13     | Identified the +1 hat of Joy {+Fly MR++ Int-4 Dex-3} (You found it on level 13 of the Dungeon)
 13263 | D:13     | Reached XP level 13. HP: 125/128 MP: 12/12
 13444 | D:13     | Found a gate to the Vaults.
 13719 | D:13     | Reached skill level 9 in Fighting
 13742 | D:13     | Reached skill level 5 in Armour
 13909 | D:13     | Found a shimmering altar of Xom.
 13911 | D:13     | Found an ancient bone altar of Kikubaaqudgha.
 13911 | D:13     | Found a hazy altar of Hepliaklqana.
 13913 | D:13     | Found a hide-covered altar of Uskayaw.
 13913 | D:13     | Found a shimmering altar of Xom.
 13913 | D:13     | Found an iron altar of Okawaru.
 14042 | D:13     | Reached skill level 16 in Maces & Flails
 14116 | D:13     | Reached skill level 8 in Dodging
 14227 | D:13     | Received a gift from Trog
 15031 | D:14     | HP: 22/131 [red ugly thing (20)]
 15036 | D:14     | HP: 30/131 [cyan ugly thing (14)]
 15218 | Lair:1   | Entered Level 1 of the Lair of Beasts
 15225 | Lair:1   | Noticed Gastronok
 15235 | Lair:1   | Killed Gastronok
 15314 | Lair:1   | HP: 27/131 [swamp worm (13)]
 15317 | Lair:1   | HP: 1/131 [swamp worm (14)]
 15318 | Lair:1   | Mangled by a swamp worm

Skill      XL: |  1  2  3  4  5  6  7  8  9 10 11 12 13 |
---------------+----------------------------------------+-----
Maces & Flails | 3 4 5 6 7 10 12 13 14 15 16 | 16.3
Fighting       | 3 4 5 6 7 8 9 |  9.4
Dodging        | 4 6 7 8 |  8.3
Armour         | 1 4 5 |  5.8
Stealth        | |  1.0

Action                   |  1- 3 |  4- 6 |  7- 9 | 10-12 | 13-15 || total
-------------------------+-------+-------+-------+-------+-------++-------
Melee: Mace              |    98 |   208 |    53 |       |       ||   359
       Giant spiked club |       |       |   432 |   140 |       ||   572
       Great mace        |       |       |       |   154 |       ||   154
       Dire flail        |       |       |       |   546 |   251 ||   797
       Giant club        |       |       |       |       |   115 ||   115
Throw: Stone             |       |       |       |    13 |       ||    13
Invok: Berserk           |       |       |     7 |     3 |     1 ||    11
       Trog's Hand       |       |       |     4 |     4 |     3 ||    11
  Use: Scroll            |       |       |    12 |     6 |     5 ||    23
       Potion            |       |       |       |     1 |     2 ||     3
 Stab: Sleeping          |     4 |     2 |     1 |       |       ||     7
       Distracted        |       |       |       |     1 |       ||     1
  Eat: Chunk             |     7 |    18 |    50 |    51 |    24 ||   150
       Ration            |       |     1 |     4 |     3 |       ||     8
Armor: Robe              |    46 |    77 |   176 |    92 |       ||   391
       Troll leather arm |       |       |       |   130 |   136 ||   266
Dodge: Dodged            |    61 |   129 |   387 |   562 |   226 ||  1365
Block: Other             |       |     1 |    91 |    99 |    37 ||   228
       Reflection        |       |       |       |     2 |       ||     2

Vault maps used:
D:1:      dpeg_arrival_more_subterranean_lakeside_camping, st_stairs_11
D:2:      cheibrodos_fertilizer, hex_large, uniq_sigmund, uniq_jessica,
          uniq_terence
D:3:      tgw_trog, uniq_crazy_yiuf_cottage
D:4:      cheibrodos_old_hovel, nicolae_qazlal_eye_of_the_storm, first_ration,
          serial_corexii_hall, corexii_hall_statues_i, corexii_hall_statues_i,
          small_statue_intersection
D:5:      minmay_temple_entry_poolview, serial_shops, shop,
          minmay_misc_feat_alley
D:6:      lemuel_ratsnest, serial_shops, shop_statue, minmay_misc_feat_room,
          uniq_blork_the_orc, uniq_edmund
D:7:      cheibrodos_shockbox, gammafunk_temple_overflow_statue, grunt_livestock
D:8:      dpeg_oklobed_lair, kennysheep_okawaru_gauntlet, uniq_joseph
D:9:      nicolae_overflow_hidden_temple, serial_shops,
          nicolae_shop_statue_plus, lemuel_blue_sif_altar
D:10:     serial_undead, serial_undead_a, serial_undead_f, serial_undead_f,
          serial_undead_a, serial_undead_b, serial_undead_e, serial_undead_a,
          serial_undead_b, serial_undead_d, serial_undead_d, serial_shops, shop,
          shop_statue, shop, nicolae_shop_waterfront, nicolae_ru_path_of_blood,
          uniq_josephine
D:11:     hiddenorc1_lemuel, hangedman_incinerator, uniq_nergalle
D:13:     grunt_vaults_entry_tiered, doesnt_xom_only_xom
D:14:     hangedman_decor_peaks_small
Lair:1:   basic_altar, minivault_25, worms_lemuel, grunt_megastairs_1,
          uniq_gastronok, uniq_fannar

Table legend:
 A = Turns spent in this place as a percentage of turns spent in the entire game.
 B = Non-inter-level travel turns spent in this place as a percentage of non-inter-level travel turns spent in the entire game.
 C = Inter-level travel turns spent in this place as a percentage of turns spent in this place.
 D = Turns resting spent in this place as a percentage of non-inter-level travel turns spent in this place.
 E = Turns spent auto-exploring this place as a percentage of non-inter-level travel turns spent in this place.
 F = Non-inter-level travel turns spent in this place divided by the number of levels of this place that you've seen.
                   A       B       C       D       E      F
               +-------+-------+-------+-------+-------+----------------------
         Total | 100.0 | 100.0 |   3.3 |   3.7 |  43.9 | 987.2
       Dungeon |  99.3 |  99.3 |   3.4 |   3.7 |  44.2 | 1050.6
          Lair |   0.7 |   0.7 |   0.0 |   0.0 |   0.0 | 100.0
               +-------+-------+-------+-------+-------+----------------------

Table legend:
 A = Kills in this place as a percentage of kills in entire the game.
 B = Kills by you in this place as a percentage of kills by you in the entire game.
 C = Kills by friends in this place as a percentage of kills by friends in the entire game.
 D = Other kills in this place as a percentage of other kills in the entire game.
 E = Experience gained in this place as a percentage of experience gained in the entire game.
 F = Experience gained in this place divided by the number of levels of this place that you have seen.
                   A       B       C       D       E      F
               +-------+-------+-------+-------+-------+----------------------
         Total | 100.0 | 100.0 |   N/A |   N/A | 100.0 | 4016.7
       Dungeon |  97.4 |  97.4 |   N/A |   N/A |  95.8 | 4122.5
          Lair |   2.6 |   2.6 |   N/A |   N/A |   4.2 | 2536.0
               +-------+-------+-------+-------+-------+----------------------
